 Dungeon Crawl Stone Soup version 0.26-a0-466-g989023bd0d (webtiles) character file.

Game seed: 7161562989270852364

(classic levelgen) 50577 EnegeticOcto the Carver (level 14, -8/88 HPs)
             Began as a Gargoyle Artificer on July 29, 2020.
             Was the Champion of Ru.
             Mangled by a very large slime creature (48 damage)
             ... on level 12 of the Dungeon.
             The game lasted 00:37:08 (21902 turns).

EnegeticOcto the Carver (Gargoyle Artificer)       Turns: 21902, Time: 00:37:09

Health: -8/88      AC: 30    Str: 24    XL:     14   Next: 55%
Magic:  10/14      EV: 14    Int: 12    God:    Ru [******]
Gold:   1416       SH:  0    Dex: 13    Spells: 13/13 levels left

rFire    x . .     SeeInvis .   a - +9 great sword
rCold    x . .     Faith    +   (shield currently unavailable)
rNeg     + + .     Spirit   .   h - +2 scale mail {rN+}
rPois    ∞         Reflect  .   v - +0 helmet
rElec    +         Harm     .   (no cloak)
rCorr    .                      T - +2 pair of gloves
MR       +....                  B - +2 pair of boots
Stlth    ..........             P - amulet "Nashal" {Faith Str+6}
HPRegen  0.24/turn              l - +4 ring of evasion
MPRegen  0.14/turn              i - +4 ring of protection

@: exhausted, drained
A: big wings, negative energy resistance 1, electricity resistance, unbreathing,
petrification resistance, rot immunity, no stealth, no earth magic, no hexes
magic, no summoning magic, disrupted magic 1, unskilled 1, temperature
sensitive, AC +10
a: Fly, Draw Out Power, Power Leap, Apocalypse, Renounce Religion


You were on level 12 of the Dungeon.
You worshipped Ru.
Ru was exalted by your worship.
You visited 3 branches of the dungeon, and saw 20 of its levels.
You also visited: Gauntlet and Volcano.

You collected 1416 gold pieces.

Inventory:

Hand Weapons
 a - a +9 great sword (weapon)
 b - a +2 short sword of electrocution
Missiles
 p - 242 bolts
 w - 11 boomerangs
 C - 15 silver javelins
 O - 2 javelins (quivered)
 S - 3 curare-tipped darts
 V - 3 throwing nets {!f}
Armour
 h - a +2 scale mail of positive energy (worn)
 v - a +0 helmet (worn)
 B - a +2 pair of boots (worn)
 T - a +2 pair of gloves (worn)
Jewellery
 i - a +4 ring of protection (right hand)
 j - an uncursed ring of protection from fire
 l - a +4 ring of evasion (left hand)
 x - an uncursed amulet of magic regeneration
 P - the amulet "Nashal" (around neck) {Faith Str+6}
   (You found it in a Gauntlet)

   [amulet of faith]

   It allows you to gain divine favour quickly.
   It affects your strength (+6).
 Q - an uncursed ring of wizardry
Wands
 c - a wand of flame (40) {@v4}
 d - a wand of enslavement (10)
 e - a wand of random effects (21)
 f - a wand of iceblast (15) {@v2}
 z - a wand of paralysis (7)
 A - a wand of acid (19) {@v1}
 F - a wand of digging (16) {@v3}
 W - a wand of polymorph (30)
 Y - a wand of clouds (4)
Scrolls
 k - 12 scrolls of teleportation {@r3 !r}
 m - a scroll of enchant weapon
 q - 4 scrolls of immolation
 u - 8 scrolls of remove curse {@r2}
 y - 4 scrolls of fog {!r}
 D - 2 scrolls of fear {!r}
 G - 4 scrolls of magic mapping {@r5 !r}
 I - a scroll of vulnerability
 K - a scroll of blinking {@r4}
Potions
 g - 5 potions of heal wounds {@q2 !q}
 n - 2 potions of lignification {@q6}
 o - 12 potions of curing {@q1 !q}
 r - a potion of resistance {unknown}
 s - 7 potions of flight
 t - 3 potions of mutation
 E - a potion of berserk rage
 H - a potion of invisibility
 J - 2 potions of stabbing {unknown}
 M - 3 potions of ambrosia
 R - 2 potions of haste {@q4 !q}
 U - 3 potions of cancellation {unknown}
 X - 3 potions of might {unknown}
 Z - a potion of magic {unknown}
Miscellaneous
 N - a lightning rod (1/4)


   Skills:
 + Level 10.1(8.8) Fighting
 - Level 10.0(12.1) Short Blades
 + Level 14.8(14.3) Long Blades
   Level 2.2(1.1) Axes
 + Level 4.3(3.3) Armour
 + Level 1.4(0.4) Dodging
 - Level 4.0(2.9) Evocations


You had 13 spell levels left.
You didn't know any spells.
Your spell library contained the following spells:

 Spells                   Type           Power        Failure   Level
 Shock                    Conj/Air       #...         71%         1
 Sting                    Tmut/Pois      #...         71%         1
 Poisonous Vapours        Pois/Air       #.....       83%         2
 Swiftness                Air            #.......     83%         2
 Ignite Poison            Fire/Tmut/Pois #.......     96%         3
 Mephitic Cloud           Conj/Pois/Air  #.......     96%         3
 Static Discharge         Conj/Air       #.......     96%         3
 Airstrike                Air            #.........   100%        4
 Olgreb's Toxic Radiance  Pois           #.......     100%        4
 Lightning Bolt           Conj/Air       #.........   100%        5
 Corona                   Hex            Unusable     N/A         1
 Ensorcelled Hibernation  Hex/Ice        Unusable     N/A         2
 Slow                     Hex            Unusable     N/A         2
 Confusing Touch          Hex            Unusable     N/A         3
 Dazzling Flash           Conj/Hex       Unusable     N/A         3
 Inner Flame              Hex/Fire       Unusable     N/A         3
 Portal Projectile        Hex/Tloc       Unusable     N/A         3
 Tukima's Dance           Hex            Unusable     N/A         3
 Cause Fear               Hex            Unusable     N/A         4
 Leda's Liquefaction      Hex/Erth       Unusable     N/A         4
 Malign Gateway           Summ/Tloc      Unusable     N/A         7
 Monstrous Menagerie      Summ           Unusable     N/A         7
 Summon Greater Demon     Summ           Unusable     N/A         7
 Summon Horrible Things   Summ           Unusable     N/A         8

Dungeon Overview and Level Annotations

Branches:
Dungeon (13/15)            Temple (0/1) D:5            Lair (6/6) D:8
  Swamp (0/4) Lair:2       Spider (0/4) Lair:3        Slime (0/5) Lair:5
    Orc (1/2) D:12        Volcano (visited)         Gauntlet (visited)
 Vaults: D:13-14

Altars:
Kikubaaqudgha
Nemelex Xobeh
Ru
Trog
The Shining One
Beogh
Jiyva

Annotations:
D:4 2 runed translucent doors, xoxolimbo's ghost, novice DDEE
D:11 Sonja
Lair:1 exclusion: 2 doors


Innate Abilities, Weirdness & Mutations

You are resistant to torment.
Your stone body is resilient. (AC +10)
You are immune to poison.
Your large and strong wings let you fly indefinitely.
You resist negative energy. (rN+)
You are resistant to electric shocks. (rElec)
You can survive without breathing.
You are immune to petrification.
You are immune to rotting.
You cannot be stealthy.
You cannot study or cast Earth magic.
You cannot study or cast Hexes magic.
You cannot study or cast Summoning magic.
Your casting is slightly disrupted.
You are somewhat unskilled. (-1 Apt)
You are sensitive to extremes of temperature. (rF-, rC-)


Message History

You slice the brown ugly thing!!
You kill the brown ugly thing!
The troll bites you! The troll claws you but does no damage.
The troll claws you!
You barely miss the troll. The troll bites you but does no damage.
The troll claws you. The troll claws you but does no damage.
You slash the troll!
The troll is lightly wounded.
The troll closely misses you. x3
You slash the troll!
The troll is heavily wounded.
The troll completely misses you.
You riposte.
You slice the troll!!
The troll is almost dead.
The troll barely misses you. The troll closely misses you.
You slice the troll!!
You kill the troll!
You are no longer corroded.
You feel less exhausted.
HP restored.
Things that are here:
a troll corpse; an ugly thing corpse Done exploring.
Done exploring.
Done exploring.
(D) Dungeon (T) Temple (L) Lair (S) Swamp (N) Spider Nest (M) Slime Pits (O) Orcish Mines
Where to? (Enter - D:13, ? - help)
You see here a chain mail.
There is a stone staircase leading down here.
You climb downwards.
There is a stone staircase leading up here.
There are monsters nearby!
You hit the slime creature.
The slime creature is lightly wounded.
The slime creature hits you but does no damage.
A large slime creature splits.
The slime creature is stunned by your will and fails to attack.
The manticore flicks its tail.
The volley of spikes hits you.
The barbed spikes become lodged in your body.
You focus your will and illuminate the manticore in retribution!
The barbed spikes dig painfully into your body as you move.
You climb upwards.
There is a stone staircase leading down here.
Evoke which item? (* to show all) (? for menu, Esc to quit)
Evoke which item? (* to show all) (? for menu, Esc to quit)
That's the wrong kind of item! (Use * to select it.) Evoke which item? (* to show all) (? for menu, Esc to quit)
That's the wrong kind of item! (Use * to select it.) Evoke which item? (* to show all) (? for menu, Esc to quit)
Okay, then.
Press: ? - help, Dir - move target cursor Out of range.
Okay, then.
You slice the slime creature!!
The slime creature is heavily wounded.
Two slime creatures merge to form a large slime creature.
You slash the large slime creature!
The large slime creature is moderately wounded.
The large slime creature misses you.
You riposte.
You slash the large slime creature!
The large slime creature is heavily wounded.
Press: ? - help, Dir - move target cursor The slime creature hits you but does no damage.
Two slime creatures merge to form a very large slime creature.
The barbs in your skin will harm you if you move.
Continue? [Y]es or [N]o only, please.
The barbs in your skin will harm you if you move.
Continue?
Okay, then.
The barbs in your skin will harm you if you move.
Continue?
The barbed spikes dig painfully into your body as you move.
The barbed spikes dig painfully into your body as you move.
Evoke which item? (* to show all) (? for menu, Esc to quit)
Aiming: Thunderbolt
Press: ? - help, Shift-Dir - straight line, f - very large slime creature
Aim: a very large slime creature (heavily wounded)
The thunderbolt hits the very large slime creature!
The very large slime creature is heavily wounded.
Evoke which item? (* to show all) (? for menu, Esc to quit)
Aiming: Thunderbolt
Press: ? - help, Shift-Dir - straight line, f/p - very large slime creature
Aim: a very large slime creature (heavily wounded)
The thunderbolt hits the very large slime creature!!
The very large slime creature is severely wounded.
You carefully extract the barbed spikes from your body.
Evoke which item? (* to show all) (? for menu, Esc to quit)
Aiming: Thunderbolt
Press: ? - help, Shift-Dir - straight line, f/p - very large slime creature
Aim: a very large slime creature (severely wounded)
The thunderbolt hits the very large slime creature!!
The very large slime creature is severely wounded.
The very large slime creature barely misses you.
You slash the very large slime creature!
The very large slime creature is severely wounded.
The very large slime creature hits you!!
You slice the very large slime creature!!
The very large slime creature is almost dead.
The very large slime creature hits you!!!
Ouch! That really hurt!
You die...

## ##.#######.######≈≈§≈≈≈.§§≈.≈≈
.###.## #.# ##§§.≈≈≈...≈≈§.§
#...####### #.####§§.≈§§....§≈§≈.
..........# #†##.'...§§§.._...§.(
..#######.###.#..#≈≈.§≈≈§...)≈≈§(
(.# ###...##..####≈≈.≈≈≈...≈§§§§
(.####......#..# ###≈≈.≈§§§§≈≈(≈§
(...(......<...###=##≈≈.≈§§≈≈.≈≈#
..##.........##.@.####≈§.≈§§(≈≈##
.)#..............J#####≈§§.(§≈##
..##.........###...[.>##≈≈(≈≈##
..###.......####.########≈.≈##
))###...........(.......##'##
))....#....####.............#####
#.###...##.# #..#########.......
#.# ##.....# #..# #..##### ..#
#......## #..# #..#


You could see a very large slime creature.

Vanquished Creatures
  An entropy weaver (Gauntlet)
  A minotaur (Gauntlet)
  3 catoblepae (Lair:6)
  A hydra (D:13)
  Erica (Lair:1)
  A centaur warrior (D:13)
  A two-headed ogre (D:11)
  4 death yaks (Lair:6)
  Urug (Lair:3)
  A sixfirhy (Gauntlet)
  3 unseen horrors
  An orc sorcerer (Volcano)
  A wolf spider (Gauntlet)
  2 manticores (Lair:6)
  3 ugly things
  A cyclops (D:13)
  Joseph (D:9)
  8 elephants (Lair:6)
  4 centaur zombies
  5 black mambas
  2 molten gargoyles (Volcano)
  A smoke demon (Volcano)
  4 cane toads
  A minotaur zombie (Gauntlet)
  3 rime drakes
  7 komodo dragons
  2 red devils (Volcano)
  A queen bee (Gauntlet)
  5 trolls
  2 hornets
  7 slime creatures
  7 blink frogs
  7 hippogriffs
  Sigmund (D:2)
  3 wraiths
  A centaur simulacrum (D:13)
  A fire elemental (D:12)
  45 yaks
  4 wyverns
  Grum (D:11)
  5 vampire mosquitoes
  2 basilisks
  9 water moccasins
  A hell hound (Volcano)
  9 porcupines
  13 orc warriors
  A swamp drake (D:8)
  3 ice beasts
  2 sky beasts (D:12)
  3 black bears
  3 phantoms
  2 eyes of draining
  A necrophage (D:6)
  4 ogres
  10 centaurs
  14 wolves
  8 crocodiles
  4 big kobolds
  17 bullfrogs
  A wyvern zombie (D:10)
  A wyvern skeleton (D:10)
  3 scorpions
  16 killer bees
  An electric eel (Lair:6)
  8 wights
  A lava snake (D:12)
  A quasit (D:8)
  A jelly (D:9)
  5 hounds
  11 orc priests
  11 orc wizards
  A centaur skeleton (D:5)
  Jessica (D:2)
  A bullfrog skeleton (D:5)
  Ijyb (D:5)
  10 worker ants
  4 gnolls
  8 adders
  3 shadow imps
  2 white imps (D:5)
  6 ufetubi
  2 adder zombies (D:6)
  2 worms (D:2)
  2 dart slugs (D:1)
  A leopard gecko (D:3)
  54 orcs
  10 bats
  3 giant cockroaches
  6 goblins
  5 hobgoblins
  14 jackals
  3 quokkas
  4 frilled lizards
  18 kobolds
  A leopard gecko skeleton (D:5)
  A leopard gecko zombie (D:5)
  2 quokka skeletons
  8 rats
493 creatures vanquished.

Vanquished Creatures (collateral kills)
  An orc warrior (D:11)
  A worker ant (D:11)
  An orc (D:11)
  A kobold (D:11)
4 creatures vanquished.

Vanquished Creatures (others)
  A wizard (D:3)
  An ugly thing (D:11)
  A hippogriff (D:12)
  A redback (Gauntlet)
  A yak (D:10)
  A steam dragon (Volcano)
  2 crocodiles
  A killer bee (D:10)
  An orc wizard (D:8)
  2 adders
  A kobold (D:10)
  5 fungi
  18 plants
36 creatures vanquished.

Grand Total: 533 creatures vanquished

Notes
Turn   | Place    | Note
-------+----------+-------------------------------------------
     0 | D:1      | EnegeticOcto the Gargoyle Artificer began the quest for the
                  | Orb.
     0 | D:1      | Reached XP level 1. HP: 12/12 MP: 1/1
   104 | D:1      | Reached skill level 2 in Stealth
   112 | D:1      | Reached XP level 2. HP: 8/16 MP: 2/2
   356 | D:1      | Reached skill level 3 in Stealth
   592 | D:1      | Reached XP level 3. HP: 21/21 MP: 3/3
   661 | D:1      | Reached skill level 2 in Fighting
  1007 | D:2      | Noticed Sigmund
  1148 | D:2      | Found a sacrificial altar of Ru.
  1193 | D:2      | Reached skill level 3 in Fighting
  1193 | D:2      | Reached XP level 4. HP: 17/28 MP: 4/4
  1208 | D:2      | Reached skill level 1 in Axes
  1430 | D:2      | Became a worshipper of Ru the Awakened
  1494 | D:2      | Noticed Jessica
  1504 | D:2      | Killed Jessica
  1617 | D:2      | Reached skill level 2 in Axes
  1984 | D:2      | Reached XP level 5. HP: 32/32 MP: 5/5
  2797 | D:3      | Gained mutation: You are somewhat unskilled. (-1 Apt) [Ru
                  | sacrifice]
  2797 | D:3      | Reached * piety under Ru
  2797 | D:3      | Reached ** piety under Ru
  3383 | D:3      | Found a bloodstained altar of Trog.
  3386 | D:3      | Noticed a wizard
  3392 | D:3      | Killed a wizard
  3597 | D:4      | Reached XP level 6. HP: 21/37 MP: 6/6
  3952 | D:4      | Found a large runed translucent door.
  3952 | D:4      | Found a large runed translucent door.
  4021 | D:4      | Noticed xoxolimbo's ghost (novice DDEE)
  4068 | D:4      | Reached skill level 4 in Stealth
  4271 | D:5      | Entered Level 5 of the Dungeon
  4377 | D:5      | Reached skill level 4 in Fighting
  4502 | D:5      | Reached skill level 1 in Short Blades
  4502 | D:5      | Reached XP level 7. HP: 44/44 MP: 7/7
  4562 | D:5      | Noticed Ijyb
  4667 | D:5      | Killed Ijyb
  4832 | D:5      | Gained mutation: You are sensitive to extremes of
                  | temperature. (rF-, rC-) [Ru sacrifice]
  4832 | D:5      | Reached *** piety under Ru
  4832 | D:5      | Reached **** piety under Ru
  4887 | D:5      | Found a staircase to the Ecumenical Temple.
  4932 | D:5      | Reached skill level 2 in Short Blades
  4932 | D:5      | Reached skill level 5 in Stealth
  5310 | D:6      | Reached skill level 5 in Fighting
  5642 | D:6      | Reached skill level 3 in Short Blades
  5649 | D:6      | Reached XP level 8. HP: 48/49 MP: 8/8
  5661 | D:6      | Reached skill level 4 in Short Blades
  5842 | D:6      | Reached skill level 5 in Short Blades
  6107 | D:6      | Reached skill level 6 in Short Blades
  6164 | D:6      | Found a sparkling altar of Nemelex Xobeh.
  6369 | D:7      | Reached skill level 7 in Short Blades
  6369 | D:7      | Reached XP level 9. HP: 49/54 MP: 9/9
  6910 | D:2      | Killed Sigmund
  6910 | D:2      | Reached skill level 8 in Short Blades
  7572 | D:8      | Gained mutation: You cannot study or cast Earth magic. [Ru
                  | sacrifice]
  7572 | D:8      | Gained mutation: You cannot study or cast Hexes magic. [Ru
                  | sacrifice]
  7572 | D:8      | Gained mutation: You cannot study or cast Summoning magic.
                  | [Ru sacrifice]
  7572 | D:8      | Reached ***** piety under Ru
  7585 | D:8      | Reached skill level 3 in Armour
  7762 | D:8      | Reached skill level 6 in Fighting
  7777 | D:8      | Noticed a komodo dragon
  7803 | D:8      | Killed a komodo dragon
  7803 | D:8      | Reached skill level 4 in Armour
  7803 | D:8      | Reached XP level 10. HP: 43/61 MP: 10/10
  7918 | D:8      | Found a staircase to the Lair.
  8011 | D:8      | Reached skill level 9 in Short Blades
  8894 | D:9      | Noticed Joseph
  8913 | D:9      | Killed Joseph
  8913 | D:9      | Reached skill level 7 in Fighting
  8913 | D:9      | Reached skill level 3 in Evocations
  9044 | D:10     | Entered Level 10 of the Dungeon
  9195 | D:10     | Killed an unseen horror
  9466 | D:10     | Reached skill level 4 in Evocations
  9483 | D:10     | Reached skill level 8 in Fighting
  9746 | D:10     | Reached XP level 11. HP: 69/69 MP: 11/11
  9749 | D:10     | Reached skill level 10 in Short Blades
  9758 | D:10     | Reached skill level 9 in Fighting
 10318 | D:11     | Noticed a cyan ugly thing
 10319 | D:11     | Noticed a two-headed ogre
 10363 | D:11     | Killed a two-headed ogre
 10475 | D:11     | Reached skill level 10 in Fighting
 10552 | D:11     | Reached skill level 1 in Long Blades
 10581 | D:11     | Reached skill level 2 in Long Blades
 10919 | D:11     | Reached skill level 3 in Long Blades
 11203 | D:11     | Noticed Grum
 11213 | D:11     | Killed Grum
 11229 | D:11     | Reached skill level 4 in Long Blades
 11668 | D:11     | Noticed Sonja
 11679 | D:11     | Killed an unseen horror
 11688 | D:11     | Reached skill level 5 in Long Blades
 12096 | Lair:1   | Entered Level 1 of the Lair of Beasts
 12149 | Lair:1   | Found a gate leading to a gauntlet.
 12158 | Gauntlet | Entered a Gauntlet
 12158 | Gauntlet | Found a transporter.
 12167 | Gauntlet | Found a transporter.
 12167 | Gauntlet | Noticed a catoblepas
 12182 | Gauntlet | Found a transporter.
 12184 | Gauntlet | Found a large runed translucent door.
 12184 | Gauntlet | Found a large runed translucent door.
 12185 | Gauntlet | Found a large runed translucent door.
 12185 | Gauntlet | Found a large runed translucent door.
 12186 | Gauntlet | Found a large runed translucent door.
 12186 | Gauntlet | Found a large runed translucent door.
 12186 | Gauntlet | Found a runed translucent door.
 12186 | Gauntlet | Found a runed translucent door.
 12186 | Gauntlet | Found a large runed translucent door.
 12187 | Gauntlet | Found a transporter.
 12200 | Gauntlet | Noticed a cyan ugly thing
 12201 | Gauntlet | Noticed a great orb of eyes
 12202 | Gauntlet | Found a transporter.
 12217 | Gauntlet | Found a large runed translucent door.
 12218 | Gauntlet | Found a large runed translucent door.
 12219 | Gauntlet | Found a large runed translucent door.
 12219 | Gauntlet | Found a large runed translucent door.
 12220 | Gauntlet | Found a runed translucent gate.
 12221 | Gauntlet | Found a transporter.
 12221 | Gauntlet | Found a runed translucent gate.
 12221 | Gauntlet | Noticed an obsidian statue
 12222 | Gauntlet | Found a runed translucent gate.
 12223 | Gauntlet | Found a large runed translucent door.
 12223 | Gauntlet | Found a large runed translucent door.
 12224 | Gauntlet | Found a large runed translucent door.
 12225 | Gauntlet | Found a large runed translucent door.
 12231 | Gauntlet | Noticed a fire crab
 12233 | Gauntlet | Found a transporter.
 12245 | Gauntlet | Found a transporter.
 12245 | Gauntlet | Noticed a blizzard demon
 12253 | Gauntlet | Noticed a wolf spider
 12254 | Gauntlet | Found a transporter.
 12262 | Gauntlet | Noticed an entropy weaver
 12269 | Gauntlet | Found a transporter.
 12286 | Gauntlet | Found a transporter.
 12304 | Gauntlet | Found a transporter.
 12306 | Gauntlet | Found a transporter.
 12307 | Gauntlet | Noticed a sixfirhy
 12333 | Gauntlet | Found a transporter.
 12353 | Gauntlet | Found a transporter.
 12427 | Gauntlet | Found a large runed translucent door.
 12455 | Gauntlet | Found a transporter.
 12455 | Gauntlet | Found a transporter.
 12568 | Gauntlet | Found a transporter.
 12571 | Gauntlet | Reached skill level 6 in Long Blades
 12643 | Gauntlet | Killed a sixfirhy
 12643 | Gauntlet | Reached XP level 12. HP: 71/77 MP: 12/12
 12650 | Gauntlet | Got a bound tin amulet
 12680 | Gauntlet | Reached skill level 7 in Long Blades
 12681 | Gauntlet | Killed an entropy weaver
 12713 | Gauntlet | Got a faintly glowing platinum ring
 12729 | Gauntlet | Identified the amulet "Nashal" {Faith Str+6} (You found it
                  | in a Gauntlet)
 12730 | Gauntlet | Identified the ring "Nounyshroe" {rF- EV+4 Dex+4} (You
                  | found it in a Gauntlet)
 12772 | Gauntlet | Noticed a minotaur
 12988 | Gauntlet | Killed a minotaur
 12988 | Gauntlet | Reached skill level 8 in Long Blades
 13412 | Lair:1   | Got a faintly glowing dagger
 13499 | Lair:1   | Noticed Erica
 13513 | Lair:1   | Killed Erica
 14008 | Lair:2   | Reached skill level 9 in Long Blades
 14216 | Lair:2   | Found a staircase to the Swamp.
 14545 | Lair:2   | Reached skill level 10 in Long Blades
 15028 | Lair:2   | Identified the +6 dagger "Acwioc" {antimagic, rPois} (You
                  | found it on level 1 of the Lair of Beasts)
 15542 | Lair:3   | Reached XP level 13. HP: 82/82 MP: 13/13
 15560 | Lair:3   | Noticed Urug
 15566 | Lair:3   | Found a glowing golden altar of the Shining One.
 15575 | Lair:3   | Killed Urug
 15575 | Lair:3   | Reached skill level 11 in Long Blades
 15740 | Lair:3   | Gained mutation: Your casting is slightly disrupted. [Ru
                  | sacrifice]
 15813 | Lair:3   | Found a hole to the Spider Nest.
 16761 | Lair:5   | Found a staircase to the Slime Pits.
 16761 | Lair:5   | Found a viscous altar of Jiyva.
 16883 | Lair:5   | Reached skill level 12 in Long Blades
 17421 | Lair:6   | Entered Level 6 of the Lair of Beasts
 17607 | Lair:6   | Found a dark tunnel.
 17615 | Volcano  | Entered a volcano
 17657 | Volcano  | Found a burning altar of Makhleb.
 17850 | Volcano  | Got a faintly glowing ring mail
 18233 | Lair:6   | Reached skill level 13 in Long Blades
 18711 | Lair:6   | Gained mutation: Your large and strong wings let you fly
                  | indefinitely. [Gargoyle growth]
 18711 | Lair:6   | Reached XP level 14. HP: 77/88 MP: 14/14
 18878 | Lair:6   | Reached skill level 14 in Long Blades
 19794 | D:12     | Found an ancient bone altar of Kikubaaqudgha.
 20625 | D:12     | Found a staircase to the Orcish Mines.
 20699 | D:12     | Gained mutation: You cannot be stealthy. [Ru sacrifice]
 20699 | D:12     | Reduced skill Stealth to level 0
 20699 | D:12     | Reached ****** piety under Ru
 21059 | D:12     | Identified the +3 ring mail of Katoq {+Fly Regen+ Int+3}
                  | (You found it in a volcano)
 21134 | Orc:1    | Entered Level 1 of the Orcish Mines
 21135 | Orc:1    | Found a roughly hewn altar of Beogh.
 21534 | D:13     | Reached skill level 1 in Dodging
 21902 | D:12     | Mangled by a very large slime creature

Illustrated notes

Levels and vault maps discovered:
D:1:      nagdon_arrival_double_spiral, layout_basic
D:2:      layout_loops_ring, nicolae_ru_awakened_eye, uniq_sigmund, uniq_jessica
D:3:      layout_basic, trog_wizard
D:4:      layout_rooms, ebering_ghost_disaster_area
D:5:      layout_cave_pools, minmay_temple_entry_glassed_door, uniq_ijyb
D:6:      layout_basic, nemelex_altar_shiori
D:7:      layout_basic, kennysheep_generic_room_12
D:8:      layout_basic, erik_lair_dragon
D:9:      layout_gridville, uniq_joseph
D:10:     layout_basic, minmay_misc_feat_more_columns
D:11:     layout_basic, kennysheep_generic_room_13, uniq_grum, uniq_sonja
D:12:     layout_loops_ring, david_orc_4, wad_floor_pattern_untrapped,
          kennysheep_diamond
D:13:     hangedman_cross_cluster, layout_gridville, david_vaults_5
Lair:1:   layout_regular_city, portal_ice_cave_demonic_guard,
          gauntlet_entry_generic, uniq_erica
Lair:2:   layout_regular_city, swamp_mist, grunt_megastairs_1
Lair:3:   layout_chaotic_city, spider_nest_entry_a, basic_altar, uniq_urug
Lair:4:   layout_hall_layers
Lair:5:   layout_gridlike, slime_altar_1, infiniplex_staircase_pool,
          grunt_megastairs_5, serial_bayou_shore_b
Lair:6:   evilmike_catoblepas_cave, layout_gridlike,
          nicolae_volcano_entry_s_turn, serial_bayou_lake_a
Orc:1:    layout_caves, basic_altar, hangedman_feature_mirror

Skill      XL: |  1  2  3  4  5  6  7  8  9 10 11 12 13 14 |
---------------+-------------------------------------------+-----
Stealth        | 2 3 4 5 0 |  0.0
Fighting       | 3 4 5 6 8 10 | 10.1
Axes           | 2 |  2.2
Short Blades   | 1 3 7 8 9 10 | 10.0
Armour         | 4 |  4.3
Evocations     | 4 |  4.0
Long Blades    | 6 10 13 14 | 14.8
Dodging        | 1 |  1.4

Action                   |  1- 3 |  4- 6 |  7- 9 | 10-12 | 13-15 || total
-------------------------+-------+-------+-------+-------+-------++-------
Melee: Club              |    66 |       |       |       |       ||    66
       Hand axe          |    40 |    29 |       |       |       ||    69
       Dagger            |       |   156 |   155 |    16 |       ||   327
       Great sword       |       |       |   132 |   556 |   485 ||  1173
       Short sword       |       |       |       |       |     2 ||     2
Throw: Stone             |    28 |     7 |       |       |       ||    35
       Dart              |    11 |    34 |    33 |     9 |       ||    87
       Throwing net      |       |       |       |     2 |       ||     2
       Javelin           |       |       |       |       |     2 ||     2
Invok: Sacrifice Skill   |       |     1 |       |       |       ||     1
       Sacrifice Resista |       |       |     1 |       |       ||     1
       Power Leap        |       |       |     5 |     4 |     2 ||    11
       Draw Out Power    |       |       |     1 |       |     2 ||     3
       Sacrifice Arcana  |       |       |     1 |       |       ||     1
       Reject Sacrifices |       |       |       |     1 |     1 ||     2
       Apocalypse        |       |       |       |     2 |     1 ||     3
       Sacrifice Essence |       |       |       |       |     1 ||     1
       Sacrifice Stealth |       |       |       |       |     1 ||     1
Evoke: Wand              |     7 |       |     1 |     4 |     5 ||    17
       Lightning rod     |       |       |       |     4 |     3 ||     7
  Use: Scroll            |       |     8 |     8 |    15 |     5 ||    36
       Potion            |       |       |     1 |       |       ||     1
 Stab: Sleeping          |     4 |     9 |     5 |     1 |       ||    19
       Distracted        |       |       |       |     5 |     6 ||    11
       Invisible         |       |       |       |     1 |     3 ||     4
       Paralysed         |       |       |       |     5 |     6 ||    11
Armor: Leather armour    |    64 |    61 |    54 |       |       ||   179
       Scale mail        |       |       |    51 |   403 |   285 ||   739
Dodge: Dodged            |   104 |   125 |   182 |   447 |   282 ||  1140
       Rpst.: Great sword |       |       |    19 |   108 |    73 ||   200

Table legend: (Time is in decaauts)
 A = Elapsed time spent in this place.
 B = Non-inter-level travel time spent in this place.
 C = Inter-level travel time spent in this place.
 D = Time resting spent in this place.
 E = Time spent auto-exploring this place.
 F = Levels seen in this place.
 G = Mean time per level.
                   A        B        C        D        E       F      G
               +--------+--------+--------+--------+--------+-----+--------+
         Total |  22166 |  21079 |   1087 |   1704 |  14466 |  22 | 1007.5 |
       Dungeon |  14755 |  13906 |    849 |   1042 |   9491 |  13 | 1135.0 |
          Lair |   5929 |   5692 |    237 |     23 |   4614 |   6 |  988.2 |
  Orcish Mines |     10 |     10 |      0 |      0 |      0 |   1 |   10.0 |
       Volcano |    451 |    451 |      0 |    279 |      0 |   1 |  451.0 |
      Gauntlet |   1019 |   1019 |      0 |    360 |    361 |   1 | 1019.0 |
               +--------+--------+--------+--------+--------+-----+--------+

Top non-repeatable levels by time:
    D:11: 1919 daAuts
    D:12: 1890 daAuts
  Lair:6: 1512 daAuts
     D:3: 1500 daAuts
  Lair:2: 1336 daAuts
     D:6: 1287 daAuts
     D:2: 1276 daAuts
     D:8: 1254 daAuts
    D:10: 1219 daAuts
     D:1: 1059 daAuts
Gauntlet: 1019 daAuts
     D:9: 910 daAuts
  Lair:1: 884 daAuts
  Lair:4: 819 daAuts
     D:5: 806 daAuts
